 Dungeon Crawl Stone Soup version bcrawl-1.37.2 (webtiles) character file.

Game seed: 10257451937644193480

7070598 Mehrunes the Earth Mage (level 27, -8/217 HPs)
             Began as a Mummy Fire Elementalist on Nov 8, 2022.
             Was the Champion of Sif Muna.
             Killed from afar by Hoyfuygy the pandemonium lord (34 damage)
             ... with a great icy blast
             ... on level 6 of a ziggurat.
             The game lasted 05:19:09 (109369 turns).

Mehrunes the Earth Mage (Mummy Fire Elementalist) Turns: 109369, Time: 05:19:10

Health: -8/217     AC: 29    Str:  9    XL:     27
Magic:  5/38       EV: 22    Int: 47    God:    Sif Muna [******]
Gold:   8060       SH: 19    Dex: 21    Spells: 1/66 levels left

rFire    + + .     GDR:     42% L - staff of wizardry
rCold    + + +     SeeInvis +   u - +4 buckler {AC+3}
rNeg     + + +     Gourm    .   X - quicksilver dragon scales
rPois    ∞         Faith    .   c - +1 helmet of a treasure trove {rCorr Int+6 Stlth+}
rElec    .         Spirit   .   Y - +2 cloak {+Inv}
rCorr    +         Reflect  +   H - +2 pair of gloves {Dex+3}
MR       ++++.     Clarity  +   z - +0 pair of boots "Zossekk" {rPois Int+7 Dex+4}
Stlth    ++++......             f - +5 amulet of reflection
HPRegen  0.46/turn              p - ring of Pantheism {+Blink rF+++ rC++ MP-9 Str-3 Int+5}
MPRegen  0.26/turn              j - ring "Sourgh" {rN+ Int+4 Slay-2 SInv Stlth+}

@: very slightly contaminated, studying Crossbows, deflect missiles
A: no food or potions, fire vulnerability, clarity, cold resistance 1, negative
energy resistance 3, torment resistance, unbreathing, strong hexes 1
}: 7/15 runes: serpentine, slimy, silver, golden, icy, abyssal, gossamer
a: Divine Energy, Channel Magic, Forget Spell, Moment of Magic, Renounce
Religion, Evoke Blink, Evoke Invisibility


You were on level 6 of a ziggurat.
You worshipped Sif Muna.
Sif Muna was exalted by your worship.
You were not hungry.

You visited 15 branches of the dungeon, and saw 55 of its levels.
You visited the Abyss 2 times.
You visited 1 ziggurat, and saw 6 of its levels.
You also visited: Ossuary.

You collected 11578 gold pieces.
You spent 3518 gold pieces at shops.

Inventory:

Hand Weapons
 C - the +4 flail of Harmony {freeze, rC+++ MR- Dex-2 SInv}
   (You took it off an orc on level 9 of the Dungeon)

   It has been specially enchanted to freeze those struck by it, increasing
   damage dealt by approximately one third against foes not resistant or
   susceptible to cold, and potentially slowing cold-blooded foes.
   It affects your dexterity (-2).
   It renders you almost immune to cold.
   It affects your resistance to hostile enchantments.
   It lets you see invisible.
Armour
 c - the +1 helmet of a treasure trove (worn) {rCorr Int+6 Stlth+}
   (You found it on level 3 of the Tomb of the Ancients)

   It affects your intelligence (+6).
   It provides partial protection from all sources of acid and corrosion.
   It makes you more stealthy.
 u - a +4 buckler of protection (worn)
 z - the +0 pair of boots "Zossekk" (worn) {rPois Int+7 Dex+4}
   (You bought it in a shop on level 5 of the Dungeon)

   It affects your intelligence (+7).
   It affects your dexterity (+4).
   It protects you from poison.
 H - a +2 pair of gloves of dexterity (worn)
 X - quicksilver dragon scales (worn)
 Y - a +2 cloak of invisibility (worn)
Magical Staves
 a - an uncursed staff of power
 L - an uncursed staff of wizardry (weapon)
 M - an uncursed staff of fire
 T - an uncursed staff of air
Jewellery
 b - an uncursed amulet of guardian spirit
 d - an uncursed ring of protection from fire
 f - a +5 amulet of reflection (around neck)
 h - the ring of Law {rPois rN+ Int+3 Dex+4}
   (You found it on level 5 of the Pits of Slime)

   [ring of positive energy]

   It affects your intelligence (+3).
   It affects your dexterity (+4).
   It protects you from poison.
   It protects you from negative energy.
 j - the ring "Sourgh" (right hand) {rN+ Int+4 Slay-2 SInv Stlth+}
   (You found it on level 3 of the Tomb of the Ancients)

   [ring of see invisible]

   It affects your intelligence (+4).
   It affects your accuracy and damage with ranged weapons and melee attacks
   (-2).
   It protects you from negative energy.
   It lets you see invisible.
   It makes you more stealthy.
 p - the ring of Pantheism (left hand) {+Blink rF+++ rC++ MP-9 Str-3 Int+5}
   (You took it off a deep elf death mage on level 3 of the Elven Halls)

   [ring of intelligence]

   It affects your strength (-3).
   It affects your intelligence (+5).
   It renders you almost immune to fire.
   It greatly protects you from cold.
   It affects your magic capacity (-9).
   It lets you blink.
 A - the ring of the Traitor {AC+2 Str+2 SInv}
   (You found it on level 3 of the Tomb of the Ancients)

   [ring of protection]

   It affects your AC (+2).
   It affects your strength (+2).
   It lets you see invisible.
 D - an uncursed amulet of regeneration
 J - the ring "Ramp" {rC+ rN+ Int+6}
   (You found it on level 4 of the Lair of Beasts)

   [ring of positive energy]

   It affects your intelligence (+6).
   It protects you from cold.
   It protects you from negative energy.
 K - an uncursed ring of fire
 R - a +7 ring of dexterity
 S - the ring of Activism {rElec EV+3}
   (You found it on level 4 of the Depths)

   [ring of evasion]

   It affects your evasion (+3).
   It insulates you from electricity.
Wands
 n - a wand of paralysis (17)
 x - a wand of charming (17)
 I - a wand of disintegration (54)
 N - a wand of polymorph (8)
 P - a wand of clouds (20)
 V - a wand of scattershot (11)
Scrolls
 e - 3 scrolls of brand weapon
 g - 8 scrolls of enchant weapon
 i - 2 scrolls of blinking
 k - 10 scrolls of immolation
 l - 29 scrolls of remove curse
 m - 16 scrolls of teleportation
 q - a scroll of summoning
 t - 2 scrolls of amnesia
 v - 3 scrolls of enchant armour {pickup}
 w - a scroll of torment
 y - a scroll of silence
 F - 5 scrolls of fog
 G - 6 scrolls of noise
 O - 4 scrolls of vulnerability
 U - 2 scrolls of magic mapping
 Z - 5 scrolls of fear
Miscellaneous
 o - a figurine of a ziggurat {!*}
 r - a lightning rod (4/4)
 s - 5 phantom mirrors
 Q - a phial of floods
 W - a lamp of fire


   Skills:
 + Level 18.1 Fighting
 - Level 15.2 Armour
 - Level 15.2 Dodging
 - Level 2.1 Stealth
 - Level 15.1 Shields
 + Level 20.2 Spellcasting
 - Level 20.2 Conjurations
 - Level 3.6 Charms
 - Level 7.9 Translocations
 - Level 20.0 Fire Magic
 - Level 3.6 Air Magic
 - Level 20.4 Earth Magic
 - Level 15.3 Invocations
 - Level 4.0 Evocations


You had one spell level left.
You knew the following spells:

 Your Spells              Type           Power        Failure   Level  Hunger
a - Controlled Blink      Tloc           #######.     14%         7    N/A
b - Fire Storm            Conj/Fire      ########..   12%         9    N/A
d - Shatter               Erth           ########..   11%         9    N/A
e - Lehudib's Crystal Sp  Conj/Erth      ########..   1%          8    N/A
f - Bolt of Magma         Conj/Fire/Erth ########..   0%          5    N/A
g - Ignition              Fire           ########..   1%          8    N/A
h - Deflect Missiles      Chrm/Air       ######....   16%         6    N/A
i - Iron Shot             Conj/Erth      ########..   1%          6    N/A
j - Orb of Destruction    Conj           ########..   1%          7    N/A

Your spell library contained the following spells:

 Spells                   Type           Power        Failure   Level  Hunger
 Flame Tongue             Conj/Fire      #####        0%          1    N/A
 Magic Dart               Conj           ####         0%          1    N/A
 Sandblast                Erth           ######       0%          1    N/A
 Sting                    Conj/Pois      ####         0%          1    N/A
 Apportation              Tloc           ######       1%          1    N/A
 Blink Other              Tloc           ######       1%          1    N/A
 Corona                   Hex            ######.      1%          1    N/A
 Freeze                   Ice            #####.       1%          1    N/A
 Infusion                 Chrm           ######..     1%          1    N/A
 Necrotize                Necr           #####.       1%          1    N/A
 Slow                     Hex            ######..     1%          1    N/A
 Static Discharge         Air            ######       1%          1    N/A
 Summon Butterflies       Summ           #####...     1%          1    N/A
 Summon Small Mammal      Summ           ####         1%          1    N/A
 Flaming Arrows           Chrm/Fire      ########     0%          2    N/A
 Searing Ray              Conj           ########     0%          2    N/A
 Shock                    Conj/Air       #######      0%          2    N/A
 Conjure Flame            Conj/Fire      ########     0%          3    N/A
 Iskenderun's Mystic Bla  Conj           ########     0%          3    N/A
 Stone Arrow              Conj/Erth      ######       0%          3    N/A
 Sticky Flame             Conj/Fire      ########     0%          4    N/A
 Fireball                 Conj/Fire      ########..   0%          5    N/A
 Lee's Rapid Deconstruct  Erth           ########..   0%          5    N/A
 Blink                    Tloc           N/A          1%          2    N/A
 Call Imp                 Summ           #####.       1%          2    N/A
 Corpse Rot               Necr           N/A          1%          2    N/A
 Ensorcelled Hibernation  Hex/Ice        ######       1%          2    N/A
 Passwall                 Tmut/Erth      #######.     1%          2    N/A
 Poisonous Vapours        Pois/Air       ######       1%          2    N/A
 Shackle                  Hex            ######..     1%          2    N/A
 Song of Slaying          Chrm           ######..     1%          2    N/A
 Sticks to Snakes         Tmut           #####...     1%          2    N/A
 Swiftness                Chrm/Air       ######..     1%          2    N/A
 Throw Frost              Conj/Ice       ######       1%          2    N/A
 Beckoning                Tloc           #######...   1%          3    N/A
 Call Canine Familiar     Summ           #####...     1%          3    N/A
 Confuse                  Hex            ######..     1%          3    N/A
 Dazzling Orbs            Conj/Hex       #######      1%          3    N/A
 False Image              Hex/Summ       ######..     1%          3    N/A
 Ignite Poison            Fire/Tmut/Pois #######.     1%          3    N/A
 Inner Flame              Hex/Fire       N/A          1%          3    N/A
 Mephitic Cloud           Conj/Pois/Air  #######.     1%          3    N/A
 Ozocubu's Armour         Chrm/Ice       ######..     1%          3    N/A
 Portal Projectile        Tloc           ######       1%          3    N/A
 Recall                   Summ/Tloc      N/A          1%          3    N/A
 Spectral Weapon          Hex/Chrm       #######.     1%          3    N/A
 Teleport Other           Tloc           #######.     1%          3    N/A
 Tukima's Dance           Hex            ######..     1%          3    N/A
 Vampiric Draining        Necr           #####.....   1%          3    N/A
 Airstrike                Air            ######....   1%          4    N/A
 Force Lance              Tloc           #######.     1%          4    N/A
 Fulminant Prism          Conj/Hex       ########..   1%          4    N/A
 Lightning Bolt           Conj/Air       ########     1%          4    N/A
 Petrify                  Tmut/Erth      #######...   1%          4    N/A
 Throw Icicle             Conj/Ice       #######.     1%          4    N/A
 Bolt of Draining         Conj/Necr      #######...   1%          5    N/A
 Irradiate                Conj/Tmut      #######...   1%          5    N/A
 Iskenderun's Battlesphe  Conj/Chrm      ########     1%          5    N/A
 Passage of Golubria      Tloc           N/A          1%          5    N/A
 Steam Barrier            Chrm/Fire      ########..   1%          5    N/A
 Venom Bolt               Conj/Pois      #######...   1%          5    N/A
 Bolt of Cold             Conj/Ice       #######...   1%          6    N/A
 Bolt of Fire             Conj/Fire      ########..   1%          6    N/A
 Borgnjor's Vile Clutch   Necr/Erth      #######...   1%          6    N/A
 Conjure Ball Lightning   Conj/Air       ########..   1%          6    N/A
 Poison Arrow             Conj/Pois      #######...   1%          6    N/A
 Piercing Shot            Chrm           ######....   2%          5    N/A
 Summon Forest            Summ/Tloc      ######....   2%          5    N/A
 Dispersal                Tloc           #######...   2%          6    N/A
 Agony                    Necr           #####...     4%          4    N/A
 Animate Dead             Necr           N/A          4%          4    N/A
 Cause Fear               Hex            ######....   4%          4    N/A
 Olgreb's Toxic Radiance  Pois           #####....    4%          4    N/A
 Summon Ice Beast         Ice/Summ       #####...     4%          4    N/A
 Summon Scorpions         Summ/Pois      #####...     4%          4    N/A
 Yara's Violent Unravell  Hex/Tmut       ######....   4%          4    N/A
 Freezing Cloud           Ice/Air        ######..     6%          5    N/A
 Silence                  Hex/Air        #######...   6%          5    N/A
 Summon Lightning Spire   Summ/Air       ######..     6%          5    N/A
 Icicle Burst             Conj/Ice       #######...   6%          7    N/A
 Mana Rupture             Conj/Hex       ########..   6%          7    N/A
 Spellforged Servitor     Conj/Summ      #######...   6%          7    N/A
 Dispel Undead            Necr           #####...     12%         5    N/A
 Metabolic Englaciation   Hex/Ice        ######....   12%         5    N/A
 Summon Demon             Summ           #####.....   12%         5    N/A
 Summon Mana Viper        Hex/Summ       ######..     12%         5    N/A
 Chain Lightning          Conj/Air       ########..   21%         8    N/A
 Death Channel            Chrm/Necr      ######....   30%         6    N/A
 Aura of Abjuration       Summ           #####.....   52%         6    N/A
 Darkness                 Hex            ######....   52%         6    N/A
 Infestation              Hex/Tmut/Pois  ######...    52%         6    N/A
 Invisibility             Hex            ######..     52%         6    N/A
 Ozocubu's Refrigeration  Ice            #####.....   52%         6    N/A
 Simulacrum               Ice/Necr       #####...     52%         6    N/A
 Summon Hydra             Summ           #####.....   52%         6    N/A
 Virulence                Hex/Pois       ######..     52%         6    N/A
 Malign Gateway           Summ/Tloc      ######....   54%         7    N/A
 Glaciate                 Conj/Ice/Air   #######...   69%         8    N/A
 Time Stop                Chrm/Tloc      N/A          92%         8    N/A
 Tornado                  Tloc/Air       #######...   92%         8    N/A
 Discord                  Hex            ######....   97%         7    N/A
 Haunt                    Necr/Summ      #####.....   97%         7    N/A
 Monstrous Menagerie      Summ           #####.....   97%         7    N/A
 Shadow Creatures         Summ           N/A          97%         7    N/A
 Summon Greater Demon     Summ           #####.....   97%         7    N/A
 Summon Horrible Things   Summ           #####.....   100%        8    N/A
 Dragon's Call            Summ           #####.....   100%        9    N/A
 Beastly Appendage        Tmut           Unusable     N/A         1    N/A
 Sublimation of Blood     Necr           Unusable     N/A         2    N/A
 Regeneration             Chrm/Necr      Unusable     N/A         3    N/A
 Spider Form              Tmut/Pois      Unusable     N/A         3    N/A
 Statue Form              Tmut/Erth      Unusable     N/A         6    N/A
 Ice Form                 Ice/Tmut       Unusable     N/A         4    N/A
 Tree Form                Hex/Tmut       Unusable     N/A         4    N/A
 Blade Hands              Tmut           Unusable     N/A         5    N/A
 Dragon Form              Tmut           Unusable     N/A         7    N/A
 Borgnjor's Revivificati  Necr           Unusable     N/A         8    N/A
 Necromutation            Tmut/Necr      Unusable     N/A         8    N/A

Dungeon Overview and Level Annotations

Branches:
Dungeon (12/12)            Temple (1/1) D:7            Lair (6/6) D:9
  Snake (3/3) Lair:2       Spider (3/3) Lair:2        Slime (5/5) Lair:5
    Orc (1/1) D:11            Elf (3/3) Orc          Vaults (3/3) D:12
  Crypt (2/2) Vaults:1       Tomb (3/3) Crypt:2      Depths (5/5) D:12
   Hell (1/1)                 Dis (0/2) Hell            Geh (0/2) Hell
    Coc (2/2) Hell            Tar (0/2) Hell            Zot (5/5) Depths:5

Altars:
Ashenzari
Cheibriados
Dithmenos
Gozag
Hepliaklqana
Kikubaaqudgha
Lugonu
Makhleb
Nemelex Xobeh
Okawaru
Qazlal
Ru
Sif Muna
Trog
Uskayaw
Vehumet
Wu Jian
Xom
Yredelemnul
Jiyva

Shops:
D:5 [   D:6 !   D:8 =   D:12 ?   Orc ?[[[   Elf:1 }?*   Elf:3 (   Vaults:1 (
Vaults:2 %   Depths:1 (*   Depths:3 *

Portals:
Hell: Depths:1 Depths:2 Depths:3 Depths:4 Depths:5
Abyss: Spider:1 Depths:4 Depths:5
Pandemonium: Depths:3

Annotations:
D:2 exclusions: door, upstairs and 40 more exclusions
D:8 3 runed translucent doors, Sumakker's ghost, journeyman MiGl
Lair:3 exclusion: 2 hell hounds
Spider:3 exclusion: orange crystal statue
Vaults:1 exclusion: downstairs


Innate Abilities, Weirdness & Mutations

You do not eat or drink.
Your flesh is vulnerable to fire.
You are immune to poison.
You possess an exceptional clarity of mind.
Your flesh is cold resistant. (rC+)
You are immune to negative energy. (rN+++)
You are immune to unholy pain and torment.
You can survive without breathing.
Your hexes are more powerful.


Message History

Sif Muna accepts your kill.
The great blast of fire engulfs Hoyfuygy!
Hoyfuygy partially resists.
Hoyfuygy is lightly wounded.
You feel less invigorated. The Brimstone Fiend gestures at you.
The sphere of hellfire explodes!
The hellfire engulfs you!!!
* * * LOW HITPOINT WARNING * * *
Casting: Fire Storm (safe; 12% risk of failure)
Confirm with . or Enter, or press ? or * to list all spells.
Blink to where?
Press: ? - help, Dir - move target cursor Hoyfuygy sneers, "Abandon hope, thou rank beetle-headed yak-dropping!"
Are you sure you want to leave this ziggurat?
Hoyfuygy gestures at you.
Hoyfuygy conjures a mighty blast of ice!
The great icy blast engulfs the Brimstone Fiend!!!
The Brimstone Fiend is frozen!
The Brimstone Fiend is flash-frozen.
You partially resist. The great icy blast engulfs you!!
You die...

▓▓ ▓▓▓▓.▓▓▓▓
▓▓▓......§▓▓▓
▓▓§.○○○○○§§§§▓▓
▓...°.○○○§§§§§▓
▓)[&1v○°§○§§○§▓
▓▓§§§☼○○○○§§§§§▓▓
▓§§§1○v°○°§§§§☼.▓
▓▓§@!......§§§☼▓▓
▓....v..v..§○☼▓
▓...........§§▓
▓▓...........▓▓
▓▓▓.......▓▓▓
▓▓▓▓.▓▓▓▓ ▓▓▓


You could see Hoyfuygy (invisible), 2 Brimstone Fiends and 4 friendly fire
vortices.

Vanquished Creatures
  Antaeus (Coc:2)
  the Royal Jelly (Slime:5)
  the Serpent of Hell (Coc:2)
  2 juggernauts
  6 ancient liches
  5 orbs of fire
  Mara (Vaults:2)
  A pandemonium lord (Zig:2)
  15 greater mummies
  Sojobo (Tomb:1)
  6 golden dragons
  Boris (thrice) (Depths:3 Depths:4 Tomb:3)
  4 Killer Klowns
  Bai Suzhen (Snake:3)
  11 shard shrikes
  Saint Roka (Vaults:3)
  4 curse toes
  Gastronok (D:10)
  A caustic shrike (Zig:3)
  4 rockslimes
  Jory (Tomb:1)
  Geryon (Hell)
  5 Orb Demons
  A Shadow Fiend (Zig:6)
  5 electric golems
  27 Orb Guardians
  9 liches
  9 tentacled monstrosities
  The ghost of polpettosauro the Hoplite, an adept MiFi of Uskayaw (Vaults:2)
  20 Ice Fiends
  Frances (D:11)
  Jorgrun (Elf:2)
  2 titans (Zot:1)
  Asterion (Vaults:3)
  3 deep elf master archers (Elf:3)
  2 deep elf blademasters (Elf:3)
  10 ancient champions
  27 acid blobs
  6 quicksilver dragons
  An Executioner (Abyss:4)
  7 sphinxes
  Kirke (Snake:1)
  2 tentacled starspawn (Abyss:3)
  A draconian monk (Zot:4)
  10 death cobs
  10 ghouls
  10 tengu reavers
  6 shadow dragons
  16 storm dragons
  A warmonger (Zig:6)
  6 nagarajas
  7 revenants
  15 fire giants
  15 frost giants
  A daeva (Abyss:3)
  A balrug (Depths:4)
  2 iron golems
  A draconian knight (Zot:5)
  6 war gargoyles
  Louise (Depths:4)
  3 cacodemons (Abyss:4)
  10 ghost moths
  4 deep elf sorcerers
  19 azure jellies
  5 emperor scorpions (Spider:3)
  A curse skull (Crypt:2)
  4 orc warlords
  The ghost of GodsVoicemail the Markscentaur, a journeyman CeHu of Okawaru (Snake:2)
  2 deep elf elementalists (Elf:3)
  4 draconian stormcallers
  17 vault wardens
  3 iron dragons
  25 stone giants
  4 draconian shifters
  3 draconian annihilators
  3 spectral caustic shrikes (Depths:2)
  21 very ugly things
  13 ironheart preservers
  2 angels (Depths:3)
  4 spriggan defenders
  3 elemental wellsprings (Coc:2)
  2 eyes of devastation
  6 draconian scorchers
  8 deep elf demonologists
  6 reapers
  16 black draconians
  7 vampire knights
  A lorocyproca (Hell)
  9 green draconians
  A spectral titan (Coc:2)
  4 dire elephants
  4 bennus
  8 deep elf annihilators
  9 yellow draconians
  10 purple draconians
  2 entropy weavers
  12 spark wasps
  11 deep elf death magi
  7 red draconians
  7 white draconians
  7 blizzard demons (Coc:2)
  14 ettins
  Azrael (Elf:2)
  2 spectral quicksilver dragons (Crypt:2)
  A crystal guardian (Vaults:3)
  7 fire dragons
  Josephine (Lair:4)
  15 mummy priests
  7 eidola (Crypt:2)
  10 yaktaur captains
  3 kraken zombies
  A jiangshi (Crypt:1)
  2 merfolk impalers (Depths:2)
  4 deep elf high priests
  32 vault guards
  A spectral tengu (Vaults:2)
  7 rakshasas
  12 hydras
  A hell beast (Depths:1)
  3 spriggan air magi
  10 great orbs of eyes
  15 ice dragons
  3 catoblepae
  3 spectral shadow dragons
  9 naga warriors
  A juggernaut simulacrum (Vaults:2)
  An alligator (Zig:4)
  18 death oozes
  12 shadow wraiths
  8 ogre magi
  Sonja (Lair:5)
  24 two-headed ogres
  9 deep troll earth magi
  51 death scarabs
  2 spectral frost giants (Crypt:2)
  3 vampire magi
  5 tengu warriors
  9 anacondas
  2 sea snakes (Snake:2)
  3 orc high priests (Orc)
  A death knight (Vaults:2)
  9 deep troll shamans
  An ironheart beastmaster (Vaults:2)
  35 dancing weapons
  A spectral storm dragon (Crypt:2)
  A spectral dire elephant (Crypt:2)
  5 hell hogs (Hell)
  4 shock serpents
  7 thrashing horrors (Abyss:3)
  4 spriggan berserkers
  17 naga sharpshooters
  2 storm dragon zombies
  17 deep elf knights
  A titan zombie (Hell)
  A wretched star (Abyss:4)
  3 soul eaters
  5 sun demons (Hell)
  14 hell knights
  A sixfirhy (Zot:4)
  47 skeletal warriors
  131 slime creatures
  19 centaur warriors
  The ghost of Mehrunes the Covert, a novice NaFi of Ashenzari (D:6)
  31 deep trolls
  A spatial maelstrom (Abyss:3)
  A spectral anaconda (Coc:2)
  A spectral hydra (Coc:1)
  A spectral ghost moth (Coc:2)
  2 quicksilver dragon simulacra
  A salamander mystic (Snake:3)
  An unseen horror (Zig:5)
  10 glowing orange brains
  6 flayed ghosts
  A spectral iron dragon (Coc:2)
  6 anaconda zombies
  10 iron trolls
  13 deep elf archers
  8 naga ritualists
  15 phantasmal warriors
  6 wizards
  7 orc knights (Orc)
  Pikel (D:8)
  3 wolf spider zombies
  71 deep elf magi
  10 ironheart convokers
  A golden dragon skeleton (Crypt:1)
  7 orc sorcerers
  9 orb spiders
  2 spectral ettins
  10 necromancers
  6 cyclopes
  A tengu skeleton (Vaults:1)
  16 mana vipers
  24 wolf spiders
  34 ugly things
  2 sphinx skeletons (Vaults:1)
  14 shining eyes
  A salamander (shapeshifter) (D:12)
  A worldbinder (Abyss:2)
  29 moths of wrath
  8 salamanders
  A stone giant zombie (Depths:1)
  A mana viper (shapeshifter) (Depths:2)
  32 black mambas
  A spectral fire dragon (Coc:1)
  4 guardian serpents
  9 rust devils
  3 fire giant skeletons
  A stone giant skeleton (Vaults:1)
  23 elephants
  2 titan simulacra
  5 will-o'-wisps (Abyss:2)
  19 vault sentinels
  An orange demon (Abyss:2)
  2 torpor snails
  A gargoyle (D:11)
  A cane toad (shapeshifter) (Depths:3)
  2 emperor scorpion zombies
  7 demonic crawlers
  5 smoke demons
  2 hellions (Zot:1)
  27 naga magi
  4 rime drakes
  10 cane toads
  An anaconda simulacrum (Coc:1)
  31 jumping spiders
  57 flying skulls
  A yaktaur (shapeshifter) (Vaults:3)
  3 tormentors
  A spriggan zombie (Depths:1)
  9 efreet
  8 komodo dragons
  A spectral merfolk (Crypt:2)
  2 golden dragon simulacra
  33 freezing wraiths
  5 eyes of draining
  4 hydra zombies
  A spectral glowing shapeshifter (Vaults:2)
  14 ice devils
  4 tengu conjurers
  44 yaktaurs
  52 guardian mummies
  A queen ant zombie (Crypt:1)
  A ghost moth simulacrum (Coc:2)
  3 ancient zymes (Abyss:3)
  A spectral harpy (Crypt:2)
  16 trolls
  A polar bear (shapeshifter) (Depths:1)
  5 polar bears (Lair:6)
  6 red devils
  3 harpy skeletons
  2 yaktaur skeletons (Vaults:1)
  12 blink frogs
  A tyrant leech (shapeshifter) (Vaults:2)
  19 hornets
  2 hydra skeletons
  A hornet (shapeshifter) (Depths:3)
  An ice dragon zombie (Tomb:3)
  4 hippogriffs
  13 raiju
  A dream sheep (Lair:6)
  2 bog bodies
  2 stone giant simulacra
  Grum (D:9)
  An alligator zombie (Coc:2)
  A satyr zombie (Crypt:2)
  An iron dragon simulacrum (Crypt:2)
  2 ettin skeletons (Vaults:1)
  A frost giant simulacrum (Coc:2)
  An alligator skeleton (Coc:1)
  2 spectral black mambas (Crypt:2)
  3 air elementals
  15 starcursed masses
  18 water elementals
  A fire dragon zombie (Tomb:3)
  3 shadows (Crypt:2)
  2 ynoxinuls
  15 wraiths
  34 yaks
  23 tarantellas
  A tarantella (shapeshifter) (Depths:1)
  A vampire (D:12)
  A wyvern (Lair:4)
  A chaos spawn (Abyss:4)
  3 hogs (Snake:1)
  6 spectral humans
  18 spriggans
  6 neqoxecs
  13 ushabtiu
  10 fire elementals
  44 redbacks
  20 golden eyes
  2 basilisks
  39 large abominations
  A yaktaur simulacrum (Vaults:2)
  A catoblepas simulacrum (Coc:2)
  2 steam dragons
  A human simulacrum (Vaults:2)
  A merfolk zombie (Tomb:2)
  Menkaure (D:4)
  31 nagas
  15 wargs
  An acid dragon (Zig:3)
  12 crocodiles
  A spatial vortex (Abyss:3)
  3 swamp worms (shapeshifter)
  2 spectral cane toads (Coc:2)
  11 water moccasins
  3 cane toad zombies
  11 hell hounds
  A manticore zombie (Hell)
  3 human skeletons
  3 slaves (D:8)
  3 floating eyes
  4 sky beasts
  3 soldier ants (D:8)
  3 cane toad skeletons
  9 porcupines
  37 orc warriors
  A hornet zombie (D:9)
  An ice beast (Coc:1)
  3 ice dragon simulacra
  5 black bears
  An alligator simulacrum (Coc:1)
  24 ogres
  An elephant zombie (Crypt:1)
  18 boggarts
  A phantom (D:8)
  12 necrophages
  2 snapping turtle zombies
  31 wolves
  A dream sheep skeleton (Crypt:1)
  A lindwurm skeleton (Crypt:2)
  2 kobold brigands
  A swamp dragon skeleton (Crypt:1)
  12 bullfrogs
  3 gnoll sergeants
  A komodo dragon skeleton (Crypt:1)
  2 cane toad simulacra
  8 earth elementals
  6 centaurs
  22 small abominations
  2 scorpions
  5 killer bees (D:9)
  9 wights
  2 electric eels (Snake:2)
  A spriggan skeleton (Tomb:2)
  20 orc priests
  A howler monkey (D:6)
  8 crimson imps
  2 bullfrog zombies
  9 hounds
  4 gnoll shamans (D:5)
  3 iron imps
  19 jellies
  30 orc wizards
  3 human zombies (Crypt:1)
  2 iguanas
  18 worker ants
  5 lightning spires (Zot:4)
  A naga zombie (Crypt:2)
  A crocodile zombie (Crypt:2)
  A dwarf skeleton (Crypt:2)
  5 hound zombies
  3 hound skeletons
  81 mummies
  3 worker ant zombies
  A howler monkey zombie (Ossuary)
  27 gnolls
  A howler monkey skeleton (D:9)
  12 adders
  2 shadow imps
  6 white imps
  3 oozes
  2 adder skeletons
  4 adder zombies (Ossuary)
  4 worms
  A barachi zombie (Crypt:1)
  3 leopard geckos
  74 orcs
  2 ball pythons
  4 giant cockroaches
  9 goblins
  7 hobgoblins
  9 jackals
  5 quokkas
  6 bats
  3 frilled lizards
  A giant cockroach zombie (Crypt:1)
  21 kobolds
  A kobold skeleton (Coc:1)
  A kobold zombie (Crypt:1)
  2 quokka skeletons
  4 rats
  A spectral kobold (D:6)
  A bush (Lair:2)
  A fire vortex (Zot:2)
  2 lurking horrors (Spider:1)
  A macabre mass (Abyss:4)
  4 plants (Snake:2)
  2 starspawn tentacles (Abyss:3)
  4 tentacles
3232 creatures vanquished.

Vanquished Creatures (collateral kills)
  An ice devil (Coc:2)
1 creature vanquished.

Vanquished Creatures (others)
  A Killer Klown (Zot:4)
  A curse toe (Zot:4)
  A death cob (Zot:4)
  A deep elf master archer (Elf:3)
  2 storm dragons (Zot:4)
  A war gargoyle (Zot:4)
  A draconian shifter (Zot:4)
  2 draconian scorchers (Zot:4)
  4 stone giants
  2 green draconians (Zot:4)
  2 white draconians (Zot:4)
  A purple draconian (Zot:4)
  A mummy priest (Tomb:2)
  3 yaktaur captains
  A shadow wraith (Hell)
  6 death scarabs (Tomb:2)
  A hell hog (Hell)
  2 shock serpents (Zot:4)
  2 centaur warriors (Depths:2)
  2 sixfirhies (Zot:4)
  A spectral ettin (Coc:2)
  4 moths of wrath
  A flying skull (Tomb:3)
  6 yaktaurs
  A guardian mummy (Tomb:2)
  A raiju (Zot:4)
  An air elemental (Elf:2)
  A water elemental (Elf:3)
  A porcupine (Lair:5)
  A small abomination (Abyss:3)
  2 mummies (Tomb:2)
  5 ball lightnings (Zot:4)
  23 bushes
  23 fire vortices
  81 fungi
  A lurking horror (Abyss:4)
  67 plants
  2 starspawn tentacles (Abyss:3)
  11 tentacles
  A withered plant (Ossuary)
271 creatures vanquished.

Grand Total: 3504 creatures vanquished

Notes
Turn   | Place    | Note
-------+----------+-------------------------------------------
     0 | D:1      | Mehrunes the Mummy Fire Elementalist began the quest for
                  | the Orb.
     0 | D:1      | Reached XP level 1. HP: 13/13 MP: 4/4
   130 | D:1      | Reached skill level 1 in Conjurations
   192 | D:1      | Reached XP level 2. HP: 19/19 MP: 1/6
   714 | D:1      | Reached XP level 3. HP: 24/24 MP: 5/7
   718 | D:1      | Learned a level 3 spell: Conjure Flame
  1146 | D:2      | Reached XP level 4. HP: 30/30 MP: 6/9
  1370 | D:2      | Learned a level 4 spell: Sticky Flame
  1813 | D:3      | Reached XP level 5. HP: 29/35 MP: 3/11
  2103 | D:3      | Reached XP level 6. HP: 33/41 MP: 8/12
  2696 | D:3      | Found a blossoming altar of Fedhas.
  2797 | D:2      | Found an iron altar of Okawaru.
  3229 | D:3      | Found a sacrificial altar of Ru.
  3229 | D:3      | Found a bloodstained altar of Trog.
  3281 | D:3      | Found a blossoming altar of Fedhas.
  3301 | D:3      | Found a sacrificial altar of Ru.
  3301 | D:3      | Found a bloodstained altar of Trog.
  3689 | D:4      | Learned a level 5 spell: Fireball
  3718 | D:4      | Reached XP level 7. HP: 46/46 MP: 6/13
  4389 | D:4      | Reached skill level 5 in Fire Magic
  4601 | D:4      | Reached skill level 5 in Spellcasting
  4712 | D:4      | Noticed Menkaure
  4726 | D:4      | Killed Menkaure
  5081 | D:4      | Reached XP level 8. HP: 45/52 MP: 13/16
  5303 | D:4      | Reached skill level 5 in Conjurations
  5463 | D:5      | Entered Level 5 of the Dungeon
  5463 | D:5      | Found Naanwuk's Armour Emporium.
  7306 | D:6      | Reached XP level 9. HP: 57/57 MP: 9/20
  7472 | D:6      | Found Uhorudos's Distillery.
  7560 | D:6      | Found a runed translucent door.
  7564 | D:6      | Noticed Mehrunes's ghost (novice NaFi)
  7906 | D:6      | Found a hazy altar of Hepliaklqana.
  8201 | D:6      | Noticed a red ugly thing
  8756 | D:7      | Found a sand-covered staircase.
  8782 | D:7      | Got a wavering golden amulet
  8788 | Ossuary  | Entered an ossuary
  9376 | D:7      | Identified the amulet of the Coward {Inacc rElec rC- rN+}
                  | (You found it on level 7 of the Dungeon)
  9519 | D:7      | Found a staircase to the Ecumenical Temple.
  9757 | D:7      | Got a scorched falchion
  9767 | D:7      | Reached XP level 10. HP: 45/62 MP: 14/23
  9866 | D:7      | Found an opulent altar of Gozag.
 10222 | Temple   | Entered the Ecumenical Temple
 10447 | Temple   | Became a worshipper of Sif Muna the Loreminder
 10754 | D:8      | Found Pakkeaps's Jewellery Shoppe.
 11104 | D:8      | Found a stormy altar of Qazlal.
 11164 | D:8      | Reached * piety under Sif Muna
 11276 | D:8      | Found a runed translucent gate.
 11277 | D:8      | Found a runed translucent gate.
 11278 | D:8      | Found a runed translucent gate.
 11278 | D:8      | Noticed Sumakker's ghost (journeyman MiGl)
 11279 | D:8      | Noticed a centaur warrior
 11831 | D:8      | Reached ** piety under Sif Muna
 12427 | D:8      | Found a glowing golden altar of the Shining One.
 12571 | D:9      | Found a radiant altar of Vehumet.
 12600 | D:9      | Noticed Grum
 12614 | D:9      | Identified Cewilus's Compendium of Supportive Battle Magic
                  | (Sif Muna gifted it to you on level 9 of the Dungeon)
 12614 | D:9      | Received a gift from Sif Muna
 12727 | D:8      | Noticed Pikel
 12894 | D:8      | Killed Pikel
 12895 | D:8      | Reached *** piety under Sif Muna
 13007 | D:8      | Reached XP level 11. HP: 65/68 MP: 16/24
 13245 | D:9      | Killed Grum
 13301 | D:8      | Found a runed translucent gate.
 13302 | D:8      | Found a runed translucent gate.
 13303 | D:8      | Found a runed translucent gate.
 13828 | D:5      | Bought the +0 pair of boots "Zossekk" {rPois Int+7 Dex+4}
                  | for 465 gold pieces
 14125 | D:9      | Reached skill level 1 in Invocations
 14135 | D:9      | Found a staircase to the Lair.
 14138 | D:10     | Entered Level 10 of the Dungeon
 14365 | D:9      | Reached **** piety under Sif Muna
 14372 | D:9      | Reached skill level 10 in Fire Magic
 14624 | D:9      | Identified the +4 flail of Harmony {freeze, rC+++ MR- Dex-2
                  | SInv}
 14686 | D:9      | Identified the +6 falchion "Vogud" {slice, rElec Str+2
                  | Int-5} (You found it on level 7 of the Dungeon)
 14971 | D:9      | Reached skill level 10 in Conjurations
 15344 | D:8      | Reached skill level 5 in Invocations
 15533 | D:8      | Found a stormy altar of Qazlal.
 15816 | D:8      | Found a glowing golden altar of the Shining One.
 15995 | D:9      | Reached skill level 1 in Fighting
 16208 | D:10     | Noticed a two-headed ogre
 16208 | D:10     | Noticed a two-headed ogre
 16210 | D:10     | Noticed a two-headed ogre
 16211 | D:10     | Noticed a two-headed ogre
 16213 | D:10     | Noticed a two-headed ogre
 16227 | D:10     | Killed a two-headed ogre
 16234 | D:10     | Killed a two-headed ogre
 16264 | D:10     | Killed a two-headed ogre
 16348 | D:10     | Noticed an ogre mage
 16352 | D:10     | Killed a two-headed ogre
 16353 | D:10     | Reached XP level 12. HP: 83/83 MP: 12/25
 16405 | Lair:1   | Entered Level 1 of the Lair of Beasts
 16408 | Lair:1   | Noticed a six-headed hydra
 16417 | Lair:1   | Killed a six-headed hydra
 16587 | Lair:1   | Reached skill level 5 in Fighting
 17581 | Lair:2   | Found a staircase to the Snake Pit.
 17606 | Lair:2   | Reached skill level 5 in Dodging
 18188 | Lair:2   | Reached skill level 10 in Spellcasting
 18545 | Lair:2   | Found a hole to the Spider Nest.
 19090 | Lair:3   | Got a diamond-encrusted chain mail
 19225 | Lair:3   | Found a dark tunnel.
 19232 | Lair:3   | Learned a level 3 spell: Stone Arrow
 19694 | Lair:3   | Got a crude flail
 20143 | Lair:4   | Got a twitching bone ring
 20147 | Lair:4   | Identified the ring "Ramp" {rC+ rN+ Int+6} (You found it on
                  | level 4 of the Lair of Beasts)
 20543 | Lair:4   | Noticed Josephine
 20664 | Lair:3   | Identified the +1 flail of the Head {crush, rC+} (You found
                  | it on level 3 of the Lair of Beasts)
 20780 | Lair:4   | Identified Sif Muna's Almanac of Flamy Poison (Sif Muna
                  | gifted it to you on level 4 of the Lair of Beasts)
 20780 | Lair:4   | Received a gift from Sif Muna
 20781 | Lair:4   | Reached XP level 13. HP: 98/98 MP: 3/28
 20848 | Lair:3   | Learned a level 5 spell: Bolt of Magma
 20857 | Lair:3   | Learned a level 8 spell: Ignition
 20958 | Lair:4   | Killed Josephine
 21262 | Lair:4   | Noticed a dire elephant
 22476 | Lair:4   | Killed a dire elephant
 22832 | Lair:5   | Noticed Sonja
 23247 | D:5      | Bought a +0 buckler for 54 gold pieces
 23457 | Lair:4   | Reached skill level 10 in Fighting
 23501 | Lair:4   | Reached skill level 1 in Shields
 23594 | Lair:5   | Killed Sonja
 24136 | Lair:5   | Found a staircase to the Slime Pits.
 24136 | Lair:5   | Found a viscous altar of Jiyva.
 24455 | Lair:6   | Entered Level 6 of the Lair of Beasts
 24787 | Lair:6   | Reached skill level 5 in Shields
 24953 | Lair:6   | Reached XP level 14. HP: 110/110 MP: 13/29
 27567 | D:10     | Noticed Gastronok
 27579 | D:10     | Killed Gastronok
 28533 | D:8      | Bought an uncursed ring of protection from fire for 375
                  | gold pieces
 28647 | D:11     | Found a shadowy altar of Dithmenos.
 28965 | D:11     | Noticed Frances
 28987 | D:11     | Killed Frances
 29661 | D:11     | Found a staircase to the Orcish Mines.
 30333 | D:12     | Entered Level 12 of the Dungeon
 30474 | D:12     | Reached XP level 15. HP: 87/118 MP: 9/30
 30783 | D:12     | Found a gate to the Vaults.
 30894 | D:12     | Found Wedaanec's Magic Scroll Boutique.
 31228 | D:12     | Found a staircase to the Depths.
 32314 | Orc      | Entered the Orcish Mines
 32667 | Orc      | Found a staircase to the Elven Halls.
 32942 | Orc      | Received a gift from Sif Muna
 33045 | Orc      | Reached skill level 10 in Dodging
 33255 | Orc      | Noticed an orc warlord
 33298 | Orc      | Killed an orc warlord
 33299 | Orc      | Reached skill level 10 in Shields
 33527 | Orc      | Noticed an orc warlord
 33651 | Orc      | Killed an orc warlord
 33720 | Orc      | Noticed an orc warlord
 33736 | Orc      | Killed an orc warlord
 34256 | Orc      | Found Ahato's Antique Armour Shoppe.
 34301 | Orc      | Reached ***** piety under Sif Muna
 34717 | Orc      | Got a smouldering hunting sling
 35071 | Orc      | Found Diesypn's Armour Boutique.
 35078 | Orc      | Found Waroovud's Magic Scroll Boutique.
 35080 | Orc      | Found Ycenewk's Antique Armour Shoppe.
 35090 | Orc      | Bought a scroll of enchant armour for 127 gold pieces
 35418 | Snake:1  | Entered Level 1 of the Snake Pit
 35418 | Snake:1  | Noticed a nagaraja
 35426 | Snake:1  | Killed a nagaraja
 35812 | Orc      | Bought a scroll of teleportation for 51 gold pieces
 35812 | Orc      | Bought a scroll of teleportation for 51 gold pieces
 35812 | Orc      | Bought a scroll of torment for 127 gold pieces
 35812 | Orc      | Bought a scroll of fear for 85 gold pieces
 36423 | Snake:1  | Identified Lyntogil's Collected Works on the Escort and
                  | Ignition (Sif Muna gifted it to you on level 1 of the Snake
                  | Pit)
 36423 | Snake:1  | Received a gift from Sif Muna
 36428 | Snake:1  | Noticed Kirke
 36447 | Snake:1  | Noticed a sphinx
 36460 | Snake:1  | Reached XP level 16. HP: 96/127 MP: 6/32
 36477 | Snake:1  | Noticed a sphinx
 36481 | Snake:1  | Noticed a sphinx
 36489 | Snake:1  | Killed Kirke
 36979 | D:12     | Bought a scroll of vulnerability for 90 gold pieces
 36979 | D:12     | Bought a scroll of blinking for 90 gold pieces
 37175 | Snake:2  | Reached ****** piety under Sif Muna
 37358 | Snake:2  | Found a runed translucent gate.
 37361 | Snake:2  | Found a runed translucent gate.
 37361 | Snake:2  | Noticed GodsVoicemail's ghost (journeyman CeHu)
 37362 | Snake:2  | Found a runed translucent gate.
 39173 | Snake:2  | Found a runed translucent gate.
 39173 | Snake:2  | Found a runed translucent gate.
 39173 | Snake:2  | Found a runed translucent gate.
 39281 | Snake:2  | Identified Vapli's Disquisition on Assistive Poison (Sif
                  | Muna gifted it to you on level 2 of the Snake Pit)
 39281 | Snake:2  | Received a gift from Sif Muna
 40085 | Snake:3  | Entered Level 3 of the Snake Pit
 40452 | Snake:3  | Found a stormy altar of Qazlal.
 40996 | Snake:3  | Reached skill level 15 in Spellcasting
 41409 | Snake:3  | Identified Sif Muna's Volume of Combat Magic (Sif Muna
                  | gifted it to you on level 3 of the Snake Pit)
 41409 | Snake:3  | Received a gift from Sif Muna
 41613 | Snake:3  | Identified the ring "Epairgh" {+Blink rC+}
 41615 | Snake:3  | Reached XP level 17. HP: 133/133 MP: 30/36
 42051 | Snake:3  | Identified the +8 hunting sling of Plunder {velocity,
                  | +Blink MR+ Int+2} (You found it in the Orcish Mines)
 42051 | Snake:3  | Got a serpentine rune of Zot
 42553 | Snake:3  | Noticed Bai Suzhen
 42731 | Snake:3  | Killed Bai Suzhen
 43097 | Spider:1 | Entered Level 1 of the Spider Nest
 43633 | Spider:1 | Found a one-way gate to the infinite horrors of the Abyss.
 43633 | Spider:1 | Found a corrupted altar of Lugonu.
 43968 | Spider:1 | Identified Sif Muna's Catalogue of the Frostbite and
                  | Confrontation (Sif Muna gifted it to you on level 1 of the
                  | Spider Nest)
 43968 | Spider:1 | Received a gift from Sif Muna
 46035 | Spider:3 | Entered Level 3 of the Spider Nest
 46944 | Spider:3 | Reached skill level 15 in Fire Magic
 47697 | Spider:3 | Identified Sif Muna's Reference Book on Supportive
                  | Confrontation (Sif Muna gifted it to you on level 3 of the
                  | Spider Nest)
 47697 | Spider:3 | Received a gift from Sif Muna
 48357 | Spider:3 | Reached XP level 18. HP: 131/140 MP: 19/38
 48793 | Spider:3 | Got a gossamer rune of Zot
 49435 | Vaults:1 | Entered Level 1 of the Vaults
 49806 | Vaults:1 | Identified Sif Muna's Volume of Evil Secrets (Sif Muna
                  | gifted it to you on level 1 of the Vaults)
 49806 | Vaults:1 | Received a gift from Sif Muna
 49996 | Vaults:1 | Found Fotasush's Weapon Boutique.
 51617 | Vaults:1 | Reached XP level 19. HP: 148/148 MP: 7/39
 52043 | Vaults:1 | Found a staircase to the Crypt.
 52170 | Vaults:2 | Noticed Mara
 52223 | Vaults:2 | Identified the ring of Muppai {Fire MP-9 Str+4 Dex+4}
 52378 | Vaults:2 | Learned a level 6 spell: Deflect Missiles
 52414 | Vaults:2 | Reached skill level 1 in Charms
 52414 | Vaults:2 | Reached skill level 1 in Air Magic
 52579 | Vaults:2 | Identified Sif Muna's Papyrus of the Entrancing Voyage (Sif
                  | Muna gifted it to you on level 2 of the Vaults)
 52579 | Vaults:2 | Received a gift from Sif Muna
 53211 | Snake:2  | Killed GodsVoicemail's ghost
 53635 | Orc      | Bought a runed cloak for 232 gold pieces
 53662 | Orc      | Learned a level 6 spell: Iron Shot
 54226 | Vaults:2 | Found a runed translucent gate.
 54226 | Vaults:2 | Found a runed translucent gate.
 54229 | Vaults:2 | Found a runed translucent gate.
 54235 | Vaults:2 | Noticed polpettosauro's ghost (adept MiFi)
 54293 | Vaults:2 | Reached skill level 1 in Earth Magic
 54293 | Vaults:2 | Reached skill level 1 in Evocations
 54649 | Vaults:2 | Noticed Mehrunes's illusion
 55356 | Vaults:2 | Identified the +9 shortbow "Tacoyr" {velocity, rN+ Int+4
                  | Dex-3}
 55592 | Vaults:2 | Noticed Mehrunes's illusion
 55637 | Vaults:2 | Learned a level 7 spell: Orb of Destruction
 55693 | Vaults:2 | Killed polpettosauro's ghost
 55694 | Vaults:2 | Identified Sif Muna's Volume of the Frostbite (Sif Muna
                  | gifted it to you on level 2 of the Vaults)
 55694 | Vaults:2 | Received a gift from Sif Muna
 56034 | D:6      | Killed Mehrunes's ghost
 56256 | D:10     | Identified the cursed +1 chain mail of Autotheism {*Slow
                  | rN+ MP+9 Dex+7} (You found it on level 3 of the Lair of
                  | Beasts)
 56327 | Depths:1 | Entered Level 1 of the Depths
 56429 | Depths:1 | Reached XP level 20. HP: 139/156 MP: 19/40
 56583 | Depths:1 | Found a basalt altar of Yredelemnul.
 56586 | Depths:1 | Found Qatucrarr's Sacrilege Store.
 57371 | Depths:1 | Identified Sif Muna's Handbook of Darkness (Sif Muna gifted
                  | it to you on level 1 of the Depths)
 57371 | Depths:1 | Received a gift from Sif Muna
 57751 | Depths:1 | Found Jokodec's Antique Weapon Boutique.
 57807 | Depths:1 | Identified a +0 pair of boots of running
 57808 | Depths:1 | Found a gateway to Hell.
 58707 | Depths:2 | Identified Yreso's Disquisition on Harmful Boosts (Sif Muna
                  | gifted it to you on level 2 of the Depths)
 58707 | Depths:2 | Received a gift from Sif Muna
 59088 | Depths:2 | Reached skill level 15 in Conjurations
 59662 | Depths:2 | Received a gift from Sif Muna
 59806 | Depths:2 | Noticed a rockslime
 59812 | Depths:2 | Killed a rockslime
 59999 | Depths:2 | Reached XP level 21. HP: 162/162 MP: 30/41
 60036 | Depths:2 | Found a gateway to a ziggurat.
 60876 | Depths:3 | Noticed Boris
 61286 | Depths:3 | Killed Boris
 61511 | Depths:3 | Found a one-way gate leading to the halls of Pandemonium.
 61611 | Depths:3 | Found the +5 scythe "Finisher" {speed, eviscerate}
 62117 | Depths:3 | Found Beemiwog's Assorted Antiques.
 62566 | Depths:3 | Identified the cursed ring of Veucwo {rF+ rN+ EV-6 SInv}
 63097 | Depths:4 | Identified a scroll of acquirement
 63393 | Depths:4 | Noticed Boris
 63414 | Depths:4 | Killed Boris
 63415 | Depths:4 | Identified Sif Muna's Further Progress in Spellweaving (Sif
                  | Muna gifted it to you on level 4 of the Depths)
 63415 | Depths:4 | Received a gift from Sif Muna
 63765 | Depths:4 | Reached XP level 22. HP: 173/173 MP: 15/42
 63840 | Depths:4 | Noticed a Killer Klown
 63887 | Depths:4 | Killed a Killer Klown
 64113 | Depths:4 | Noticed an ancient lich
 64121 | Depths:4 | Killed an ancient lich
 64441 | Depths:4 | Identified the ring of Activism {rElec EV+3}
 64699 | Depths:4 | Found a viscous altar of Jiyva.
 64701 | Depths:4 | Reached skill level 15 in Fighting
 64737 | Depths:4 | Noticed Louise
 64750 | Depths:4 | Killed Louise
 65542 | Depths:5 | Entered Level 5 of the Depths
 65760 | Depths:5 | Identified the cursed ring of Perfectionism {rC++ Str-3
                  | Stlth--}
 66077 | Depths:5 | Noticed a golden dragon
 66143 | Depths:5 | Reached skill level 1 in Armour
 66395 | Elf:1    | Entered Level 1 of the Elven Halls
 66444 | Elf:1    | Found Taoffap's Assorted Antiques.
 66444 | Elf:1    | Found Jeesos's Magic Scroll Boutique.
 66472 | Elf:1    | Bought a scroll of acquirement for 676 gold pieces
 66472 | Elf:1    | Bought a scroll of enchant armour for 97 gold pieces
 66472 | Elf:1    | Bought a scroll of acquirement for 676 gold pieces
 66472 | Elf:1    | Bought a scroll of enchant armour for 97 gold pieces
 66478 | Elf:1    | Identified the -1 cloak "Cituceor" {Int-3 Dex+3 Stlth+}
                  | (You acquired it on level 1 of the Elven Halls)
 66484 | Elf:1    | Identified the ring of Garil {Str+4 Slay+1} (You acquired
                  | it on level 1 of the Elven Halls)
 66496 | Elf:1    | Bought a scroll of blinking for 225 gold pieces
 67122 | Elf:1    | Identified Vehumet's Tome of Attacks
 67361 | Elf:1    | Found Zoludeoj's Gadget Shop.
 67567 | Elf:2    | Noticed Jorgrun
 67574 | Elf:2    | Killed Jorgrun
 67574 | Elf:2    | Received a gift from Sif Muna
 67760 | Elf:2    | Reached XP level 23. HP: 182/182 MP: 18/43
 67877 | Elf:2    | Noticed Azrael
 68212 | Elf:2    | Found a runed gate.
 68212 | Elf:2    | Found a runed gate.
 68212 | Elf:2    | Found a runed gate.
 68468 | Elf:2    | Killed Azrael
 69284 | Elf:3    | Entered Level 3 of the Elven Halls
 69393 | Elf:3    | Found Pomacs's Antique Weapon Boutique.
 69733 | Elf:3    | Reached skill level 5 in Armour
 69793 | Elf:3    | Identified Rumekhi's Guide on Displacement (Sif Muna gifted
                  | it to you on level 3 of the Elven Halls)
 69793 | Elf:3    | Received a gift from Sif Muna
 70367 | Elf:3    | Identified the +9 morningstar of Domination {venom, Fragile
                  | +Blink Str+2 Int+6}
 70399 | Elf:3    | Identified the +10 lajatang of Imminent Death {slice, rElec
                  | MR+ MP+9}
 70399 | Elf:3    | Identified the ring of Pantheism {+Blink rF+++ rC++ MP-9
                  | Str-3 Int+5}
 70402 | Elf:3    | Identified the cursed +3 morningstar of the Big Bang
                  | {crush, rElec rC+ Str+4 Stlth-}
 70469 | Elf:3    | Identified the Tome of Boosts and Envenoming
 70474 | Elf:3    | Identified the +4 hand axe "Momnijia" {protect, +Fly}
 70480 | Elf:3    | Identified the +2 battleaxe of Accord {chop, *Drain rC+
                  | Str-4 Dex+6} (You found it on level 3 of the Elven Halls)
 70518 | Elf:3    | Identified the cursed amulet "Jigg" {Inacc Int+2}
 71308 | Slime:1  | Entered Level 1 of the Pits of Slime
 73248 | Slime:3  | Paralysed by a floating eye for 4 turns
 73258 | Slime:3  | Identified Sif Muna's Grimoire of Blows and Bruises (Sif
                  | Muna gifted it to you on level 3 of the Pits of Slime)
 73258 | Slime:3  | Received a gift from Sif Muna
 74057 | Slime:4  | Reached XP level 24. HP: 189/189 MP: 28/44
 74833 | Slime:5  | Entered Level 5 of the Pits of Slime
 75326 | Slime:5  | Noticed the Royal Jelly
 75939 | Slime:5  | Learned a level 9 spell: Fire Storm
 75965 | Slime:5  | Killed the Royal Jelly
 76113 | Slime:5  | Identified the ring of Law {rPois rN+ Int+3 Dex+4}
 76135 | Slime:5  | Identified the +3 ring mail "Kiruh" {Slay+3}
 76144 | Slime:5  | Identified the +5 demon blade of Myisosh {flame, rPois
                  | Int+3} (You found it on level 5 of the Pits of Slime)
 76155 | Slime:5  | Identified the +1 buckler of Fashionability {Regen+}
 76159 | Slime:5  | Identified Hex Sageskoi's Grimoire of Transmutation
 76162 | Slime:5  | Got a slimy rune of Zot
 76213 | Slime:5  | Identified the +9 scimitar "Acikhih" {slice, rC+}
 76745 | Crypt:1  | Entered Level 1 of the Crypt
 76777 | Crypt:1  | Reached skill level 10 in Invocations
 76852 | Crypt:1  | Identified Sif Muna's Volume of Lethal Poison (Sif Muna
                  | gifted it to you on level 1 of the Crypt)
 76852 | Crypt:1  | Received a gift from Sif Muna
 78100 | Crypt:2  | Entered Level 2 of the Crypt
 78183 | Crypt:2  | Found a staircase to the Tomb.
 78504 | Crypt:2  | Identified Sif Muna's Disquisition on Warped Evil (Sif Muna
                  | gifted it to you on level 2 of the Crypt)
 78504 | Crypt:2  | Received a gift from Sif Muna
 78876 | Crypt:2  | Reached skill level 10 in Armour
 79013 | Crypt:2  | Reached XP level 25. HP: 195/195 MP: 25/45
 79186 | Crypt:2  | Found the +8 demon blade "Leech" {vamp, rN+ AC-5}
 80001 | Vaults:3 | Entered Level 3 of the Vaults
 80096 | Vaults:2 | Noticed Mehrunes's illusion
 80097 | Vaults:2 | Killed Mara
 80098 | Vaults:2 | Identified Sif Muna's Incunabulum of Supportive
                  | Weightlessness (Sif Muna gifted it to you on level 2 of the
                  | Vaults)
 80098 | Vaults:2 | Received a gift from Sif Muna
 80229 | Vaults:2 | Found Zeqi's Food Shoppe.
 80591 | Depths:4 | Voluntarily entered the Abyss.
 80657 | Abyss:1  | Found a roughly hewn altar of Beogh.
 81048 | Abyss:4  | Got an abyssal rune of Zot
 81085 | Depths:4 | Escaped the Abyss
 81413 | Depths:5 | Noticed a juggernaut
 81506 | Depths:5 | Killed a juggernaut
 81644 | Depths:5 | Found a gate to the Realm of Zot.
 81852 | Depths:5 | Noticed a golden dragon
 81860 | Depths:5 | Killed a golden dragon
 81861 | Depths:5 | Identified Sif Muna's Tome of Destructive Summoning (Sif
                  | Muna gifted it to you on level 5 of the Depths)
 81861 | Depths:5 | Received a gift from Sif Muna
 82034 | Depths:5 | Killed a golden dragon
 82934 | Vaults:3 | Reached XP level 26. HP: 192/202 MP: 30/46
 83332 | Vaults:3 | Identified the +3 longbow "Qunaheruxu" {speed, rElec} (You
                  | acquired it on level 3 of the Vaults)
 83332 | Vaults:3 | Identified the ring "Hoikurgh" {rElec rF+ MP+9 Int-3 Dex+2}
                  | (You acquired it on level 3 of the Vaults)
 83606 | Depths:4 | Identified the +7 hand crossbow of Ovolege {velocity, SInv}
                  | (You acquired it on level 4 of the Depths)
 83606 | Depths:4 | Identified the +11 crystal plate armour "Sinko" {rN++
                  | Str+3} (You acquired it on level 4 of the Depths)
 83901 | Vaults:3 | Noticed Asterion
 83905 | Vaults:3 | Killed Asterion
 83913 | Vaults:3 | Identified Sif Muna's Compendium of Creative Intoxication
                  | (Sif Muna gifted it to you on level 3 of the Vaults)
 83913 | Vaults:3 | Received a gift from Sif Muna
 83927 | Vaults:3 | Identified the ring of Nyruudet {rN+ Dex+2}
 84179 | Vaults:3 | Noticed a juggernaut
 84183 | Vaults:3 | Killed a juggernaut
 84244 | Vaults:3 | Noticed Saint Roka
 84253 | Vaults:3 | Killed Saint Roka
 84733 | Vaults:3 | Got a silver rune of Zot
 84816 | Vaults:3 | Identified the +3 plate armour "Junod" {rN+ Regen+ Str-2}
 85303 | Vaults:3 | Identified Tesiji's Tome of Feathers
 85306 | Vaults:3 | Identified Jix Tewn's Tome of Toxic Enchantment
 85929 | Hell     | Entered the Vestibule of Hell
 85929 | Hell     | Noticed Geryon
 85934 | Hell     | Killed Geryon
 86657 | Hell     | Received a gift from Sif Muna
 86709 | Hell     | Found a gateway to the decaying netherworld of Tartarus.
 86915 | Hell     | Found a gateway to the freezing wastes of Cocytus.
 87146 | Hell     | Found a gateway to the Iron City of Dis.
 87324 | Hell     | Found a gateway to the ashen valley of Gehenna.
 87602 | Zot:1    | Entered Level 1 of the Realm of Zot
 87699 | Zot:1    | Learned a level 8 spell: Lehudib's Crystal Spear
 87710 | Zot:1    | Learned a level 9 spell: Shatter
 89163 | Zot:1    | Reached skill level 5 in Earth Magic
 89241 | Zot:1    | Reached XP level 27. HP: 164/209 MP: 5/47
 89494 | Zot:1    | Identified Sif Muna's Lost Secrets of Witchcraft (Sif Muna
                  | gifted it to you on level 1 of the Realm of Zot)
 89494 | Zot:1    | Received a gift from Sif Muna
 90195 | Zot:2    | Noticed an orb of fire
 90847 | Zot:2    | Reached skill level 15 in Invocations
 92457 | Zot:2    | Killed an orb of fire
 93358 | Zot:3    | Identified Sif Muna's Catalogue of Dusty Heat (Sif Muna
                  | gifted it to you on level 3 of the Realm of Zot)
 93358 | Zot:3    | Received a gift from Sif Muna
 94319 | Zot:4    | Reached skill level 10 in Earth Magic
 96544 | Zot:4    | Identified Sif Muna's Disquisition on the Hurtful Escort
                  | (Sif Muna gifted it to you on level 4 of the Realm of Zot)
 96544 | Zot:4    | Received a gift from Sif Muna
 97503 | Zot:4    | Found a burning altar of Makhleb.
 99248 | Zot:5    | Entered Level 5 of the Realm of Zot
 99526 | Zot:5    | Received a gift from Sif Muna
 99586 | Zot:5    | Noticed an ancient lich
 99604 | Zot:5    | Killed an ancient lich
 99733 | Zot:5    | Noticed an ancient lich
 99763 | Zot:5    | Noticed an orb of fire
100105 | Zot:5    | Killed an ancient lich
100206 | Zot:5    | Identified Sif Muna's Papyrus of Snow and Flight (Sif Muna
                  | gifted it to you on level 5 of the Realm of Zot)
100206 | Zot:5    | Received a gift from Sif Muna
100207 | Zot:5    | Noticed an ancient lich
100214 | Zot:5    | Reached skill level 15 in Earth Magic
100221 | Zot:5    | Killed an ancient lich
100281 | Zot:5    | Noticed an ancient lich
100288 | Zot:5    | Killed an ancient lich
100455 | Zot:5    | Noticed an orb of fire
100462 | Zot:5    | Killed an orb of fire
100511 | Zot:5    | Noticed an orb of fire
100514 | Zot:5    | Killed an orb of fire
100589 | Zot:5    | Killed an orb of fire
100884 | Zot:5    | Noticed an ancient lich
100887 | Zot:5    | Identified the cursed ring "Luexkolo" {Fire Dex+4}
100889 | Zot:5    | Killed an ancient lich
101215 | Zot:5    | Noticed an orb of fire
101230 | Zot:5    | Killed an orb of fire
101557 | Coc:1    | Entered Level 1 of Cocytus
101612 | Coc:2    | Entered Level 2 of Cocytus
101689 | Coc:2    | Noticed the Serpent of Hell
101702 | Coc:2    | Killed the Serpent of Hell
101713 | Coc:2    | HP: 8/209 [shard shrike/shard of ice (7)]
102241 | Coc:2    | Noticed Antaeus
102257 | Coc:2    | Killed Antaeus
102316 | Coc:2    | Got an icy rune of Zot
102431 | Hell     | Learned a level 7 spell: Controlled Blink
102752 | Coc:1    | Reached skill level 1 in Translocations
103419 | Tomb:1   | Entered Level 1 of the Tomb of the Ancients
103421 | Tomb:1   | Noticed Sojobo
103436 | Tomb:1   | Killed Sojobo
103567 | Tomb:1   | Noticed Jory
103571 | Tomb:1   | Killed Jory
104461 | Tomb:1   | Noticed a greater mummy
104464 | Tomb:1   | Killed a greater mummy
105611 | Depths:4 | Voluntarily entered the Abyss.
105719 | Abyss:3  | Found a sacrificial altar of Ru.
105768 | Abyss:3  | Found a sacrificial altar of Ru.
105841 | Abyss:3  | Found a sacrificial altar of Ru.
105921 | Abyss:3  | Found a sacrificial altar of Ru.
105933 | Depths:4 | Escaped the Abyss
106517 | Tomb:2   | Noticed a greater mummy
106518 | Tomb:2   | Noticed a greater mummy
106518 | Tomb:2   | Noticed a greater mummy
106518 | Tomb:2   | Noticed a greater mummy
106519 | Tomb:2   | Noticed a greater mummy
106523 | Tomb:2   | Killed a greater mummy
106523 | Tomb:2   | Killed a greater mummy
106523 | Tomb:2   | Killed a greater mummy
106524 | Tomb:2   | Reached skill level 5 in Translocations
106524 | Tomb:2   | Killed a greater mummy
106525 | Tomb:2   | Killed a greater mummy
107311 | Tomb:3   | Entered Level 3 of the Tomb of the Ancients
107321 | Tomb:3   | Noticed a greater mummy
107323 | Tomb:3   | Noticed a greater mummy
107329 | Tomb:3   | Killed a greater mummy
107331 | Tomb:3   | Noticed a greater mummy
107331 | Tomb:3   | Noticed a greater mummy
107333 | Tomb:3   | Killed a greater mummy
107338 | Tomb:3   | Killed a greater mummy
107338 | Tomb:3   | Killed a greater mummy
107428 | Tomb:3   | Noticed Boris
107433 | Tomb:3   | Killed Boris
107537 | Tomb:3   | Noticed a greater mummy
107537 | Tomb:3   | Noticed a greater mummy
107543 | Tomb:3   | Killed a greater mummy
107543 | Tomb:3   | Killed a greater mummy
107544 | Tomb:3   | Reached skill level 15 in Armour
107677 | Tomb:3   | Noticed a greater mummy
107685 | Tomb:3   | Killed a greater mummy
107686 | Tomb:3   | Reached skill level 15 in Dodging
107782 | Tomb:3   | Reached skill level 15 in Shields
107821 | Tomb:3   | Identified Bofaenuf's Incunabulum of Mutagenic Lightness
107828 | Tomb:3   | Noticed a greater mummy
107836 | Tomb:3   | Killed a greater mummy
108027 | Tomb:3   | Identified the +1 helmet of a treasure trove {rCorr Int+6
                  | Stlth+}
108054 | Tomb:3   | Identified the ring of the Traitor {AC+2 Str+2 SInv}
108056 | Tomb:3   | Identified the ring "Orej" {rPois rN+ AC+4}
108059 | Tomb:3   | Identified the Incunabulum of the Zebra
108061 | Tomb:3   | Identified the ring "Sourgh" {rN+ Int+4 Slay-2 SInv Stlth+}
108066 | Tomb:3   | Identified the +2 robe of Parts Unknown {Int+3}
108077 | Tomb:3   | Identified the +13 gold dragon scales of Kumozycw {rPois
                  | rF+ rC+ Str+8}
108113 | Tomb:3   | Identified the +2 ring mail of the Fifty Friends {rElec rF+
                  | MR- Dex+3}
108319 | Tomb:3   | Noticed a greater mummy
108324 | Tomb:3   | Killed a greater mummy
108469 | Tomb:3   | Got a golden rune of Zot
109051 | Zig:1    | Entered Level 1 of a ziggurat
109080 | Zig:2    | Entered Level 2 of a ziggurat
109080 | Zig:2    | Noticed Feiwukh the pandemonium lord
109083 | Zig:2    | Killed Feiwukh the pandemonium lord
109122 | Zig:3    | Entered Level 3 of a ziggurat
109188 | Zig:4    | Entered Level 4 of a ziggurat
109283 | Zig:5    | Entered Level 5 of a ziggurat
109355 | Zig:6    | Entered Level 6 of a ziggurat
109358 | Zig:6    | Noticed Hoyfuygy the pandemonium lord
109369 | Zig:6    | Killed from afar by Hoyfuygy the pandemonium lord

Skill      XL: |  1  2  3  4  5  6  7  8  9 10 11 12 13 14 15 16 17 18 19 20 21 22 23 24 25 26 27 |
---------------+----------------------------------------------------------------------------------+-----
Conjurations   | 1 2 3 4 6 7 9 10 15 16 17 18 19 20 | 20.2
Spellcasting   | 3 4 5 7 9 11 12 15 16 17 18 19 20 | 20.2
Fire Magic     | 3 4 5 6 7 9 10 11 12 15 17 18 19 20 | 20.0
Invocations    | 5 8 10 13 15 | 15.3
Fighting       | 4 7 10 11 12 13 14 15 18 | 18.1
Dodging        | 3 6 8 9 10 11 12 13 15 | 15.2
Shields        | 5 9 10 11 12 13 15 | 15.1
Charms         | 3 |  3.6
Air Magic      | 3 |  3.6
Earth Magic    | 2 5 20 | 20.4
Evocations     | 3 4 |  4.0
Armour         | 3 7 10 12 13 15 | 15.2
Translocations | 7 |  7.9
Stealth        | |  2.1

Action                   |  1- 3 |  4- 6 |  7- 9 | 10-12 | 13-15 | 16-18 | 19-21 | 22-24 | 25-27 || total
-------------------------+-------+-------+-------+-------+-------+-------+-------+-------+-------++-------
Melee: Unarmed           |    11 |       |       |       |       |       |       |       |       ||    11
       Club              |    17 |     1 |       |       |       |       |       |       |       ||    18
       Whip              |       |    14 |    25 |    14 |       |       |       |       |       ||    53
       Flail             |       |       |       |    10 |    53 |       |       |       |    18 ||    81
       Scimitar          |       |       |       |       |    20 |       |       |       |       ||    20
       Staff             |       |       |       |       |       |    12 |     8 |     9 |    78 ||   107
Throw: Stone             |       |       |     7 |       |       |       |       |       |       ||     7
 Cast: Flame Tongue      |    79 |    86 |   410 |   357 |    26 |     2 |     1 |       |       ||   961
       Conjure Flame     |       |     2 |    11 |    13 |    10 |     6 |       |       |       ||    42
       Fireball          |       |       |     2 |    91 |   207 |    69 |     3 |       |       ||   372
       Sticky Flame      |       |       |    18 |    93 |    69 |    11 |       |     1 |     1 ||   193
       Stone Arrow       |       |       |       |    13 |    48 |       |       |       |       ||    61
       Bolt of Magma     |       |       |       |       |   293 |   408 |   426 |   474 |   478 ||  2079
       Ignition          |       |       |       |       |       |    57 |   122 |   186 |   194 ||   559
       Deflect Missiles  |       |       |       |       |       |       |     1 |       |     2 ||     3
       Orb of Destructio |       |       |       |       |       |       |    12 |     9 |    49 ||    70
       Fire Storm        |       |       |       |       |       |       |       |       |    25 ||    25
       Lehudib's Crystal |       |       |       |       |       |       |       |       |   557 ||   557
       Shatter           |       |       |       |       |       |       |       |       |    53 ||    53
       Controlled Blink  |       |       |       |       |       |       |       |       |     2 ||     2
Invok: Divine Energy     |       |       |       |     7 |    21 |    17 |    19 |     5 |     5 ||    74
       Channel Magic     |       |       |       |     3 |    20 |    19 |    25 |    38 |   157 ||   262
       Stop Divine Energ |       |       |       |       |     1 |       |       |       |       ||     1
       Moment of Magic   |       |       |       |       |       |       |       |       |     1 ||     1
 Abil: Evoke Invisibilit |       |       |       |       |       |       |       |     3 |       ||     3
Evoke: Wand              |       |       |       |     1 |       |       |       |       |       ||     1
       Staff of power    |       |       |       |       |       |       |       |     3 |       ||     3
  Use: Scroll            |       |       |     8 |     8 |    17 |     4 |     6 |     9 |    27 ||    79
 Stab: Distracted        |       |       |       |       |       |       |     1 |       |       ||     1
Armor: Robe              |    15 |     5 |    21 |       |       |       |       |       |       ||    41
       Steam dragon scal |       |       |    14 |    60 |    75 |    73 |    30 |    13 |       ||   265
       Quicksilver drago |       |       |       |       |       |       |       |    46 |   335 ||   381
Dodge: Dodged            |    43 |    42 |   138 |   180 |   382 |   192 |   106 |   151 |   621 ||  1855
       Deflected         |       |       |       |     1 |    28 |    27 |    59 |    56 |    94 ||   265
Block: Buckler           |       |       |       |       |   190 |   179 |   117 |   126 |   583 ||  1195
       Reflection        |       |       |       |       |    13 |    45 |    33 |    26 |    29 ||   146
